General information
- name: BNet
- type: Ladder team game (AT/RT)
- host: Battle.net
- saver: TALONSAREIMBA
map: TranquilPaths
- players: 4
- length: 31:07
- speed: Fast
- version: 1.24 W3XP
- replay type: Public
» download(165 KB)
Players
team 1 (winner)
Retarded_Archer (
blue | 90 APM | 2797 actions | 31:06)
7 Archmage
2 Summon Water Elemental
3 Brilliance Aura
2 Blizzard
5 Mountain King
3 Storm Bolt
2 Thunder Clap
5 Paladin
3 Holy Light
2 Divine Shield
» actions
| Assign group hotkey | 43 | |
| Basic commands | 93 | |
| Build / train | 98 | |
| ESC pressed | 11 | |
| Enter build submenu | 53 | |
| Enter hero's abilities submenu | 18 | |
| Right click | 1300 | |
| Select / deselect | 724 | |
| Select group hotkey | 296 | |
| Use ability | 160 | |
2797 total
» units
| Peasant | 17 | |
| Footman | 7 | |
| Knight | 4 | |
| Gryphon Rider | 4 | |
| Dragonhawk Rider | 3 | |
| Goblin Zeppelin | 1 | |
36 total
» upgrades
| Lumber Harvesting | 2 | |
| Masonry | 3 | |
| Swords | 3 | |
| Animal War Training | 1 | |
| Armor | 3 | |
| Storm Hammers | 1 | |
| Cloud | 1 | |
14 total
» buildings
| Altar of Kings | 1 | |
| Barracks | 1 | |
| Farm | 11 | |
| Lumber Mill | 2 | |
| Scout Tower | 21 | |
| Arcane Tower | 1 | |
| Keep | 1 | |
| Arcane Vault | 4 | |
| Guard Tower | 13 | |
| Castle | 1 | |
| Blacksmith | 1 | |
| Gryphon Aviary | 3 | |
| Town Hall | 1 | |
61 total
» build order
00:07 Altar of Kings
00:19 Barracks
00:34 Farm
00:49 Farm
01:32 Lumber Mill
02:12 Scout Tower
02:35 Farm
02:49 Arcane Tower
04:02 Scout Tower
04:25 Keep
05:00 Arcane Vault
05:39 Farm
06:03 Farm
06:48 Scout Tower
07:00 Scout Tower
07:03 Scout Tower
07:05 Scout Tower
07:08 Scout Tower
07:16 Guard Tower
07:35 Guard Tower
07:42 Guard Tower
07:46 Scout Tower
08:05 Guard Tower
08:06 Scout Tower
08:21 Castle
08:27 Blacksmith
08:34 Guard Tower
08:38 Scout Tower
08:39 Scout Tower
09:13 Guard Tower
09:35 Scout Tower
10:04 Guard Tower
10:30 Arcane Vault
10:32 Arcane Vault
10:33 Arcane Vault
12:11 Scout Tower
12:14 Scout Tower
12:15 Scout Tower
12:24 Farm
12:26 Guard Tower
14:13 Farm
14:14 Farm
16:14 Gryphon Aviary
16:16 Gryphon Aviary
16:19 Gryphon Aviary
17:57 Lumber Mill
17:58 Farm
18:07 Scout Tower
18:08 Scout Tower
18:09 Scout Tower
18:46 Guard Tower
18:48 Guard Tower
18:54 Scout Tower
18:55 Scout Tower
18:56 Scout Tower
19:19 Town Hall
20:09 Guard Tower
20:55 Farm
20:56 Farm
20:58 Guard Tower
20:58 Guard Tower
» items
| Lesser Clarity Potion | 1 | |
| Scroll of Regeneration | 3 | |
| Tome of Retraining | 2 | |
6 total

»
TALONSAREIMBA (
pink | 91 APM | 2835 actions | 31:07)
4 Blademaster
2 Wind Walk
2 Critical Strike
» actions
| Assign group hotkey | 10 | |
| Basic commands | 2 | |
| Build / train | 82 | |
| ESC pressed | 5 | |
| Enter build submenu | 81 | |
| Enter hero's abilities submenu | 4 | |
| Right click | 1681 | |
| Select / deselect | 647 | |
| Select group hotkey | 177 | |
| Use ability | 146 | |
2835 total
» units
| Peon | 40 | |
| Troll Batrider | 16 | |
| Goblin Zeppelin | 1 | |
57 total
» upgrades
| Spiked Barricades | 1 | |
| Ranged Weapons | 1 | |
| Liquid Fire | 1 | |
| Reinforced Defenses | 1 | |
| Backpack | 1 | |
5 total
» buildings
| Altar of Storms | 1 | |
| Orc Burrow | 3 | |
| War Mill | 5 | |
| Voodoo Lounge | 1 | |
| Watch Tower | 60 | |
| Great Hall | 2 | |
| Stronghold | 1 | |
| Beastiary | 2 | |
| Fortress | 1 | |
76 total
» build order
00:07 Altar of Storms
00:10 Orc Burrow
00:28 War Mill
01:21 Voodoo Lounge
02:18 Watch Tower
02:41 Watch Tower
02:51 Watch Tower
03:40 Watch Tower
03:59 Great Hall
04:18 Great Hall
04:35 Stronghold
04:46 Watch Tower
05:06 Watch Tower
05:29 Watch Tower
06:03 Watch Tower
06:42 Watch Tower
07:08 Watch Tower
07:18 Orc Burrow
07:31 Beastiary
07:35 Beastiary
08:29 Fortress
09:30 Watch Tower
09:35 Watch Tower
09:40 Orc Burrow
10:50 Watch Tower
11:03 Watch Tower
11:45 War Mill
12:08 Watch Tower
12:15 Watch Tower
12:45 Watch Tower
13:34 Watch Tower
13:59 Watch Tower
14:18 Watch Tower
15:41 Watch Tower
15:42 Watch Tower
16:26 Watch Tower
16:32 Watch Tower
16:33 Watch Tower
16:43 War Mill
17:10 Watch Tower
17:43 Watch Tower
17:45 Watch Tower
18:52 Watch Tower
18:54 Watch Tower
19:00 Watch Tower
19:17 Watch Tower
20:10 Watch Tower
20:51 Watch Tower
20:59 Watch Tower
21:17 Watch Tower
22:30 Watch Tower
22:32 Watch Tower
22:34 Watch Tower
22:35 Watch Tower
22:36 Watch Tower
22:38 Watch Tower
23:17 War Mill
23:23 Watch Tower
23:51 Watch Tower
24:18 Watch Tower
24:21 Watch Tower
24:48 Watch Tower
24:58 Watch Tower
25:05 Watch Tower
25:15 War Mill
26:04 Watch Tower
26:12 Watch Tower
27:05 Watch Tower
27:06 Watch Tower
27:08 Watch Tower
27:09 Watch Tower
28:15 Watch Tower
28:45 Watch Tower
29:48 Watch Tower
29:57 Watch Tower
30:58 Watch Tower
» items
| Healing Salve | 2 | |
| Lesser Clarity Potion | 3 | |
| Orb of Lightning | 1 | |
| Potion of Mana | 1 | |
| Scroll of Town Portal | 2 | |
| Tiny Great Hall | 4 | |
13 total
team 2 (loser)
GRiZLoR (
orange | 59 APM | 1813 actions | 30:58)
5 Far Seer
3 Feral Spirit
2 Chain Lighting
» actions
| Assign group hotkey | 29 | |
| Basic commands | 2 | |
| Build / train | 58 | |
| Enter build submenu | 24 | |
| Enter hero's abilities submenu | 5 | |
| Give item / drop item | 1 | |
| Right click | 560 | |
| Select / deselect | 638 | |
| Select group hotkey | 367 | |
| Use ability | 127 | |
1813 total
» units
| Peon | 6 | |
| Grunt | 6 | |
| Wind Rider | 2 | |
| Troll Batrider | 11 | |
| Raider | 4 | |
| Spirit Walker | 2 | |
| Troll Witch Doctor | 2 | |
| Tauren | 4 | |
| Goblin Zeppelin | 1 | |
38 total
» upgrades
| Ranged Weapons | 1 | |
| Ensnare | 1 | |
| Witch Doctor Training | 2 | |
| Pulverize | 1 | |
| Spirit Walker Training | 2 | |
| Melee Weapons | 1 | |
| Armor | 1 | |
9 total
» buildings
| Altar of Storms | 1 | |
| Orc Burrow | 6 | |
| Barracks | 1 | |
| Voodoo Lounge | 1 | |
| Stronghold | 1 | |
| War Mill | 1 | |
| Beastiary | 2 | |
| Spirit Lodge | 1 | |
| Fortress | 1 | |
| Tauren Totem | 3 | |
| Watch Tower | 6 | |
| Great Hall | 1 | |
25 total
» build order
00:06 Altar of Storms
00:19 Orc Burrow
00:49 Barracks
01:34 Orc Burrow
01:41 Voodoo Lounge
03:09 Stronghold
03:34 Orc Burrow
03:36 War Mill
05:36 Beastiary
05:39 Beastiary
06:43 Orc Burrow
07:32 Orc Burrow
08:18 Spirit Lodge
11:32 Fortress
13:55 Tauren Totem
13:56 Tauren Totem
14:00 Tauren Totem
17:08 Watch Tower
19:18 Orc Burrow
24:54 Great Hall
24:57 Watch Tower
24:58 Watch Tower
24:59 Watch Tower
25:00 Watch Tower
25:01 Watch Tower
» items
| Lesser Clarity Potion | 1 | |
| Healing Salve | 1 | |
| Scroll of Speed | 1 | |
3 total

»
whitecross (
yellow | 64 APM | 1982 actions | 31:06)
4 Demon Hunter
2 Mana Burn
2 Evasion
2 Priestess of the Moon
1 Trueshot Aura
1 Scout
» actions
| Assign group hotkey | 16 | |
| Basic commands | 4 | |
| Build / train | 62 | |
| ESC pressed | 9 | |
| Enter build submenu | 27 | |
| Enter hero's abilities submenu | 6 | |
| Right click | 866 | |
| Select / deselect | 512 | |
| Select group hotkey | 354 | |
| Use ability | 126 | |
1982 total
» units
| Wisp | 20 | |
| Huntress | 6 | |
| Hippogryph | 6 | |
| Goblin Zeppelin | 3 | |
| Chimaera | 2 | |
| Archer | 1 | |
38 total
» upgrades
| Corrosive Breath | 1 | |
| Reinforced Hides | 1 | |
| Well Spring | 1 | |
3 total
» buildings
| Altar of Elders | 1 | |
| Moon Well | 6 | |
| Hunter's Hall | 2 | |
| Ancient of War | 2 | |
| Tree of Life | 3 | |
| Tree of Ages | 1 | |
| Ancient Protector | 4 | |
| Tree of Eternity | 1 | |
| Ancient of Wind | 1 | |
| Ancient of Wonders | 1 | |
| Chimaera Roost | 2 | |
| Ancient of Lore | 2 | |
26 total
» build order
00:07 Altar of Elders
00:13 Moon Well
01:30 Hunter's Hall
02:11 Ancient of War
02:43 Moon Well
02:46 Moon Well
03:11 Moon Well
03:13 Ancient of War
04:22 Moon Well
04:54 Tree of Life
05:19 Moon Well
05:36 Tree of Ages
07:12 Tree of Life
07:47 Ancient Protector
07:50 Ancient Protector
09:00 Tree of Eternity
09:36 Ancient of Wind
11:25 Ancient Protector
12:43 Ancient of Wonders
13:14 Chimaera Roost
13:53 Chimaera Roost
14:03 Tree of Life
16:40 Hunter's Hall
22:28 Ancient Protector
25:36 Ancient of Lore
25:38 Ancient of Lore
» items
| Scroll of Town Portal | 1 | |
| Boots of Speed | 1 | |
| Potion of Lesser Invulnerability | 4 | |
| Scroll of Healing | 5 | |
11 total
Chat log
(05:31 / All) GRiZLoR: nice job
(05:35 / All) TALONSAREIMBA: MAaan u suck
(05:47 / All) GRiZLoR: have some respect
(05:51 / All) GRiZLoR: your both losing at the moment
(05:56 / All) TALONSAREIMBA: too good
(05:59 / All) TALONSAREIMBA: didnt know u wuz expoing this
(06:04 / All) TALONSAREIMBA: clever
(06:16 / All) TALONSAREIMBA: nah
(06:18 / All) TALONSAREIMBA: cancel it
(06:20 / All) TALONSAREIMBA: 2 hunts
(06:21 / All) TALONSAREIMBA: : \
(06:23 / All) TALONSAREIMBA: 3?
(06:23 / All) TALONSAREIMBA: : \
(06:33 / All) TALONSAREIMBA: Rofl u didnt cancel
(06:36 / All) TALONSAREIMBA: and lost 360 gold
(06:43 / All) TALONSAREIMBA: OH MY GOD
(08:35 / All) GRiZLoR: get air fast pink
(08:38 / All) TALONSAREIMBA: nAH
(08:40 / All) TALONSAREIMBA: TAUREN
(09:43 / All) TALONSAREIMBA: Wow ur really dumb
(23:18 / All) TALONSAREIMBA: so
(23:20 / All) TALONSAREIMBA: whats ur gold count
(23:24 / All) TALONSAREIMBA: right now
(24:27 / All) TALONSAREIMBA: I sure made a lot of air
(29:05 / All) TALONSAREIMBA: welp
(29:06 / All) TALONSAREIMBA: 2v1
(29:19 / All) TALONSAREIMBA: r u embarassed
(29:23 / All) GRiZLoR: who?
(29:26 / All) TALONSAREIMBA: both of u
(29:28 / All) TALONSAREIMBA: 10-1 solo nerds
(29:29 / All) whitecross: no :D
(29:38 / All) GRiZLoR: yah
(29:41 / All) GRiZLoR: im not embarassed lol
(29:48 / All) whitecross: Do you know trueheart on west?
(29:50 / All) TALONSAREIMBA: Ok ;)
(30:01 / All) TALONSAREIMBA: well i made no units
(30:13 / All) whitecross: double orc is still better
(30:18 / All) TALONSAREIMBA: i wasnt even trying
(30:19 / All) TALONSAREIMBA: to proto
(30:20 / All) whitecross: you will see it later
(30:22 / All) TALONSAREIMBA: I was half assing it